 Dungeon Crawl Stone Soup version 0.25-b1-46-gb8a1ec05df (webtiles) character file.

Game seed: 2000438574148437215

93 gruber the Skirmisher (level 4, -1/25 HPs)
             Began as a Vine Stalker Fighter on June 10, 2020.
             Slain by an ogre
             ... wielding a +0 giant club
              (26 damage)
             ... on level 3 of the Dungeon.
             The game lasted 00:01:46 (1723 turns).

gruber the Skirmisher (Vine Stalker Fighter)        Turns: 1723, Time: 00:01:46

Health: -1/25      AC:  7    Str: 20    XL:     4   Next: 62%
Magic:  0/5        EV:  7    Int:  8    God:
Gold:   133        SH:  9    Dex: 13    Spells: 3/3 levels left

rFire    . . .     SeeInvis .   a - +0 long sword
rCold    . . .     Gourm    .   c - +0 kite shield
rNeg     . . .     Faith    .   b - +0 scale mail
rPois    +         Spirit   +   (no helmet)
rElec    .         Reflect  .   (no cloak)
rCorr    .         Harm     .   m - +0 pair of gloves
MR       .....                  (no boots)
Stlth    ..........             (no amulet)
HPRegen  0.48/turn              l - ring of poison resistance
MPRegen  0.09/turn              (no ring)

@: no status effects
A: fangs 2, regeneration 1, magic shield, antimagic bite, no potion heal 3, rot
immunity
a: no special abilities


You were on level 3 of the Dungeon.
You were not hungry.

You visited 1 branch of the dungeon, and saw 3 of its levels.

You collected 133 gold pieces.

Inventory:

Hand Weapons
 a - a +0 long sword (weapon)
Missiles
 i - 10 poisoned darts (quivered)
Armour
 b - a +0 scale mail (worn)
 c - a +0 kite shield (worn)
 m - a +0 pair of gloves (worn)
Jewellery
 k - an uncursed ring of fire {unknown}
 l - a ring of poison resistance (left hand)
 r - an uncursed ring of stealth {unknown}
 u - a +6 ring of dexterity {unknown}
Scrolls
 h - 2 scrolls of identify {unknown}
 j - 5 scrolls of teleportation {unknown}
 p - a scroll of remove curse {unknown}
 q - a scroll of fog {unknown}
 t - a scroll of blinking {unknown}
Potions
 d - 2 potions of might
 e - a potion of heal wounds {unknown}
 n - a potion of brilliance {unknown}
 o - a potion of ambrosia {unknown}
 s - 2 potions of degeneration {unknown}
 v - a potion of stabbing {unknown}
 w - a potion of curing {unknown}
Comestibles
 f - 2 rations
 g - a chunk of flesh


   Skills:
 * Level 4.0 Fighting
 - Level 3.0 Long Blades
 - Level 2.4 Armour
 - Level 2.6 Shields


You had 3 spell levels left.
You didn't know any spells.
Your spell library was empty.

Dungeon Overview and Level Annotations

Branches:
Dungeon (3/15)

Altars:
Makhleb


Innate Abilities, Weirdness & Mutations

You have extremely sharp teeth.
Your natural rate of healing is unusually fast.
When hurt, damage is shared between your health and your magic reserves.
Your bite disrupts and absorbs the magic of your enemies.
Potions cannot restore your health.
You are immune to rotting.


Message History

No target in view!
Found an escape hatch in the floor.
Found 16 bolts.
You see here 16 bolts.
An ogre comes into view. It is wielding a +0 giant club.
The ogre shouts!
You hear a shout!
A bat comes into view.
An orc comes into view. It is wielding a +0 hand axe.
A giant cockroach comes into view.
A worm comes into view.
You slash the ogre! You bite the ogre. You drain its power.
The ogre is moderately wounded.
The ogre barely misses you.
You riposte.
You slash the ogre! Your bite misses the ogre.
The ogre is severely wounded.
You barely miss the ogre. Your bite misses the ogre.
The ogre is severely wounded.
The ogre hits you with a +0 giant club!!
Ouch! That really hurt!
You die...

..#.# #.... #
#.#.#.# ....#.
##### #.#..
.....?#.#.#
......#.#.#.#
.....sO@....#
....ob#.#####
..... #.# ....
#.# ..w #.# ##
#.# #.####
#######.# ..
..####.......#
#.
#.#>....(.####


You could see an ogre, a worm, an orc, a giant cockroach and a bat.

Vanquished Creatures
  2 adders (D:2)
  An ooze (D:3)
  2 worms (D:2)
  3 dart slugs
  3 leopard geckos
  6 bats
  3 giant cockroaches (D:1)
  5 hobgoblins
  7 jackals
  7 kobolds
  2 quokkas (D:2)
  2 ball pythons
  3 frilled lizards
  4 goblins
  5 rats
55 creatures vanquished.

Notes
Turn   | Place    | Note
-------+----------+-------------------------------------------
     0 | D:1      | gruber the Vine Stalker Fighter began the quest for the
                  | Orb.
     0 | D:1      | Reached XP level 1. HP: 11/11 MP: 2/2
     6 | D:1      | Noticed a swamp worm
     6 | D:1      | Noticed a crocodile
     6 | D:1      | Noticed a polar bear
     6 | D:1      | Noticed a salamander
     6 | D:1      | Noticed a hog
   158 | D:1      | Reached XP level 2. HP: 16/16 MP: 3/3
   354 | D:1      | Reached XP level 3. HP: 19/19 MP: 4/4
   541 | D:1      | Reached skill level 3 in Fighting
  1015 | D:2      | Gained mutation: Your natural rate of healing is unusually
                  | fast. [Vine Stalker growth]
  1015 | D:2      | Reached XP level 4. HP: 9/24 MP: 3/5
  1232 | D:2      | Found a faded altar of an unknown god.
  1418 | D:2      | Found a burning altar of Makhleb.
  1418 | D:2      | Noticed a blizzard demon
  1695 | D:3      | Reached skill level 4 in Fighting
  1720 | D:3      | Noticed an ogre
  1723 | D:3      | Slain by an ogre

Illustrated notes

Levels and vault maps discovered:
D:1:      onia_arrival_zoo_common, layout_rooms, minmay_close_crescents
D:2:      layout_loops_ring, makhleb_altar_promises_db,
          chequers_ecumenical_altar_simple, minivault_23
D:3:      layout_loops_cross, lemuel_doored_altar, first_ration

Skill      XL: |  1  2  3  4 |
---------------+-------------+-----
Long Blades    | 2 3 |  3.0
Fighting       | 3 4 |  4.0
Armour         | |  2.4
Shields        | |  2.6

Action                   |  1- 3 |  4- 6 || total
-------------------------+-------+-------++-------
Melee: Long sword        |   132 |    40 ||   172
       Bite              |    32 |    12 ||    44
  Eat: Chunk             |       |     3 ||     3
Armor: Scale mail        |    53 |    12 ||    65
Dodge: Dodged            |    50 |    13 ||    63
Block: Kite shield       |    89 |    19 ||   108
       Rpst.: Long sword |    16 |     4 ||    20
